 Dungeon Crawl Stone Soup version 0.30-a0-297-g0ec75d9ef4 (webtiles) character file.

Game seed: 7208955053669004934

445 Sobieck the Cutter (level 7, -2/40 HPs)
             Began as a Kobold Gladiator on Oct 19, 2022.
             Was a Follower of Uskayaw.
             Killed from afar by a steam dragon (13 damage)
             ... with a ball of steam
             ... on level 4 of the Dungeon.
             The game lasted 00:09:24 (3749 turns).

Sobieck the Cutter (Kobold Gladiator)               Turns: 3749, Time: 00:09:24

Health: -2/40      AC:  6    Str: 12    XL:     7   Next: 24%
Magic:  0/7        EV: 16    Int:  9    God:    Uskayaw [*.....]
Gold:   120        SH:  0    Dex: 18    Spells: 6/6 levels left

rFire   . . .      SeeInvis .    a - +1 rapier (vamp) {short}
rCold   . . .      Faith    .    (no shield)
rNeg    + + .      Spirit   +    k - +0 leather armour
rPois   .          Reflect  .    c - +0 helmet
rElec   .          Harm     .    (no cloak)
rCorr   .          Rampage  .    l - +0 pair of gloves
Will    .....                    A - +0 pair of boots
Stlth   ++++......               m - amulet of guardian spirit
HPRegen 0.26/turn                h - ring of positive energy
MPRegen 0.10/turn                x - ring of positive energy

@: brilliant
A: small, no large weapons, nightstalker 3
a: Renounce Religion, Stomp


You were on level 4 of the Dungeon.
You worshipped Uskayaw.
Uskayaw was noncommittal.
You visited 2 branches of the dungeon, and saw 5 of its levels.

You collected 120 gold pieces.


Innate Abilities, Weirdness & Mutations

You are small and have problems with some larger weapons.
You are completely attuned to the shadows.


   Skills:
 - Level 2.1 Fighting
 + Level 7.5 Short Blades
 - Level 2.1 Throwing
 - Level 5.0 Dodging
 + Level 5.8 Stealth


You had 6 spell levels left.
You didn't know any spells.
Your spell library contained the following spells:

 Spells                   Type           Power      Damage    Failure   Level
 Apportation              Tloc           0%         N/A       45%         1
 Beastly Appendage        Tmut           0%         N/A       45%         1
 Ensorcelled Hibernation  Hex/Ice        0%         N/A       61%         2
 Passwall                 Tmut/Erth      0%         N/A       61%         2
 Wereblood                Tmut           0%         N/A       61%         2
 Dazzling Flash           Conj/Hex       0%         N/A       83%         3
 Gell's Gravitas          Tloc           0%         N/A       83%         3
 Lesser Beckoning         Tloc           0%         N/A       83%         3
 Ozocubu's Armour         Ice            0%         N/A       83%         3
 Spider Form              Tmut/Pois      0%         N/A       83%         3
 Swiftness                Air            0%         N/A       83%         3
 Teleport Other           Tloc           0%         N/A       83%         3
 Iskenderun's Mystic Bla  Conj/Tloc      0%         2d3       99%         4
 Alistair's Intoxication  Tmut/Pois      0%         N/A       100%        5
 Metabolic Englaciation   Hex/Ice        0%         N/A       100%        5
 Simulacrum               Ice/Necr       0%         N/A       100%        6
 Starburst                Conj/Fire      0%         6d3       100%        6

Inventory:

Hand Weapons
 a - a +1 vampiric rapier (weapon) {short}
 b - a +3 dagger {short}
   (You took it off a goblin on level 3 of the Dungeon)
 q - a +0 rapier {short}
   (You found it on level 2 of the Dungeon)
 r - a +0 dagger of venom {short}
   (You took it off a goblin on level 2 of the Dungeon)
 t - a +0 rapier {short}
   (You found it on level 2 of the Dungeon)
 y - a +0 whip of flaming {mace}
   (You found it on level 2 of the Dungeon)
 F - a +2 vampiric hand axe {axe}
   (You found it on level 3 of the Dungeon)
Missiles
 d - 4 throwing nets {=f!fthrowing}
 e - 2 boomerangs (quivered) {throwing}
 i - 37 stones {throwing}
 u - 10 poisoned darts {throwing}
Armour
 c - a +0 helmet (worn)
 k - a +0 leather armour (worn)
 l - a +0 pair of gloves (worn)
   (You found it on level 3 of the Dungeon)
 n - a +0 ring mail
   (You found it on level 1 of the Dungeon)
 s - a +0 ring mail
   (You found it on level 2 of the Dungeon)
 v - a +0 robe
   (You took it off a kobold on level 2 of the Dungeon)
 z - a +0 robe
   (You found it on level 2 of the Dungeon)
 A - a +0 pair of boots (worn)
   (You found it on level 2 of the Dungeon)
 B - a +0 leather armour
   (You found it on level 2 of the Dungeon)
 C - a +0 ring mail
   (You found it on level 2 of the Dungeon)
 G - a +0 leather armour
   (You took it off an orc on level 3 of the Dungeon)
 I - a +0 chain mail
   (You found it on level 3 of the Dungeon)
Magical Staves
 j - a staff of death {!astaff}
   (You found it on level 1 of the Dungeon)
Jewellery
 h - a ring of positive energy (left hand)
   (You found it on level 1 of the Dungeon)
 m - an amulet of guardian spirit (around neck)
   (You found it on level 1 of the Dungeon)
 x - a ring of positive energy (right hand)
   (You found it on level 2 of the Dungeon)
 D - an amulet of magic regeneration {@e2}
   (You found it on level 2 of the Dungeon)
Scrolls
 p - a scroll of teleportation {@r4}
Potions
 g - a potion of degeneration {unknown}
 o - a potion of mutation {!q}
 w - a potion of cancellation
 H - a potion of invisibility {unknown}
 L - a potion of brilliance
 N - 2 potions of lignification {!q}

Dungeon Overview and Level Annotations

Branches:
Dungeon (4/15) Zot: 20363  Temple (1/1) D:4 Zot: 5905

Altars:
Ashenzari
Dithmenos
Elyvilon
Fedhas
Gozag
Hepliaklqana
Makhleb
Nemelex Xobeh
Qazlal
Ru
Sif Muna
Uskayaw
Vehumet
Xom
Yredelemnul
Zin
The Shining One

Annotations:
D:2 1 runed translucent door, Crazy Yiuf

....##.####....,*,,**,,,**,,**,**
######.##....#***,***,,,***,,,**,
*,*#......#* **,* ***** ***,*,,
**,*#####.## *,,* ***,, *#.,* #.#
#.#* *,, .,.### #># #.# ****,
..,..# #.# #.# **,,** #..♣.♣##
#.# #.# ***,,,,* ♣....♣.###.# #@#
*,,,*,** ..♣.♣.♣....# #§#
******,*****,
.♣♣♣♣...♣#######D#***,,,,,,* *,,
♣♣...♣♣.♣ #.........,****** *,,
.♣._.♣..♣###.§.......** *,,
♣....♣♣.♣§...........* ***,
.♣♣♣♣♣,♣..###########* *,**
....♣,,♣#.# *,,* ...♣.♣♣##.# **,,


You could see a steam dragon (catching breath).


Message History

You hit the centaur zombie. You punch the centaur zombie.
The centaur zombie hits you. The centaur zombie closely misses you.
You hit the centaur zombie.
You punch the centaur zombie, but do no damage.
The centaur zombie misses you. The centaur zombie barely misses you.
You hit the centaur zombie. The centaur zombie hits you.
The centaur zombie closely misses you.
You puncture the centaur zombie! The centaur zombie misses you. x2
You can now pass through a line of other dancers.
The centaur zombie attacks as you move away!
The centaur zombie closely misses you. The centaur zombie misses you.
The centaur zombie barely misses you. x2
The centaur zombie attacks as you move away!
The centaur zombie closely misses you. The centaur zombie barely misses you.
The centaur zombie hits you but does no damage.
The centaur zombie completely misses you.
Unknown command.
You hit the centaur zombie. The centaur zombie closely misses you.
The centaur zombie kicks you.
You puncture the centaur zombie!
You destroy the centaur zombie!
Danger!
Found a basalt altar of Yredelemnul.
You can no longer pass through a line of other dancers.
A scorpion zombie comes into view.
The helpless adder zombie fails to defend itself.
You impale the adder zombie!!
You destroy the adder zombie!
Unknown command.
The helpless scorpion zombie fails to defend itself.
You stick the scorpion zombie like a pincushion!!!
You destroy the scorpion zombie!
You can now pass through a line of other dancers.
You can no longer pass through a line of other dancers.
There is a basalt altar of Yredelemnul here.
A hound zombie comes into view.
Danger!
You closely miss the hound zombie. The hound zombie closely misses you. x2
Unknown command.
You puncture the hound zombie!
The hound zombie bites you but does no damage.
You puncture the hound zombie! The hound zombie closely misses you.
You hit the hound zombie.
You destroy the hound zombie!
Unknown command.
A steam dragon comes into view.
Danger!
You hit the steam dragon. The steam dragon completely misses you.
The steam dragon claws you.
Unknown command.
You barely miss the steam dragon.
Unknown command.
You barely miss the steam dragon. The steam dragon bites you.
The steam dragon closely misses you.
You closely miss the steam dragon. The steam dragon closely misses you.
The steam dragon misses you.
Unknown command.
You hit the steam dragon but do no damage.
The steam dragon misses you. The steam dragon barely misses you.
Unknown command.
You hit the steam dragon.
You feel better. The steam dragon bites you. The steam dragon misses you.
You hit the steam dragon but do no damage.
Unknown command.
Okay, then.
Unknown command.
Okay, then.
Unknown command.
Unknown command.
You closely miss the steam dragon. You punch the steam dragon.
The steam dragon breathes steam at you. The ball of steam misses you.
Unknown command.
The steam dragon barely misses you. x2
Unknown command.
You barely miss the steam dragon.
You are engulfed in a cloud of scalding steam.
The steam dragon bites you. The steam dragon barely misses you.
You hit the steam dragon.
You are engulfed in a cloud of scalding steam.
The steam dragon barely misses you. The steam dragon claws you.
Unknown command.
You closely miss the steam dragon.
You are engulfed in a cloud of scalding steam.
* * * LOW HITPOINT WARNING * * *
The steam dragon bites you.
* * * LOW HITPOINT WARNING * * *
The steam dragon completely misses you.
Unknown command.
Really read
f - a scroll of blinking {!r}?
Blink to where?
Press: ? - help, Dir - move target
As you read the scroll of blinking {!r}, it crumbles to dust.
Unknown command.
Unknown command.
It was a potion of brilliance.
You feel clever all of a sudden. The steam dragon breathes steam at you.
The ball of steam hits you!
You die...

Skill      XL: |  1  2  3  4  5  6 |
---------------+-------------------+-----
Stealth        | 2 3 4 5 |  5.8
Short Blades   | 5 7 |  7.5
Dodging        | 5 |  5.0
Fighting       | |  2.1
Throwing       | |  2.1

Action                   |  1- 3 |  4- 6 |  7- 9 || total
-------------------------+-------+-------+-------++-------
Melee: Rapier            |    73 |   196 |    25 ||   294
       Punch             |       |     2 |     3 ||     5
       Dagger            |       |     1 |       ||     1
  Use: Potion            |       |     5 |     1 ||     6
       Scroll            |       |    10 |     1 ||    11
 Stab: Sleeping          |    12 |    17 |     2 ||    31
       Distracted        |       |     2 |       ||     2
Armor: Leather armour    |    13 |    42 |     6 ||    61
       Skin              |       |    17 |       ||    17
Dodge: Dodged            |    51 |    94 |    34 ||   179

Levels and vault maps discovered:
D:1:      dpeg_arrival_tiny_i, layout_basic,
          shapermc_ecumenical_altar_mp_highgroup
D:2:      layout_basic, basic_altar, minmay_quantized, uniq_crazy_yiuf_cottage
D:3:      layout_loops_ring, portal_sewer_entry_a
D:4:      kennysheep_six_static_rooms, layout_rooms,
          nicolae_yredelemnul_corpse_copse, demons_altar,
          kiku_gazebo_garden_becter, minmay_temple_entry_hall, uniq_pikel
Temple:   minmay_freezing_vapour_temple

Notes
Turn   | Place    | Note
-------+----------+-------------------------------------------
     0 | D:1      | Sobieck the Kobold Gladiator began the quest for the Orb.
     0 | D:1      | Reached XP level 1. HP: 12/12 MP: 1/1
    28 | D:1      | Reached skill level 1 in Stealth
    34 | D:1      | Reached skill level 2 in Stealth
   168 | D:1      | Reached XP level 2. HP: 15/17 MP: 2/2
   260 | D:1      | You pick up a book of Party Tricks and begin reading...
   260 | D:1      | You add the spells Apportation and Alistair's Intoxication
                  | to your library.
   334 | D:1      | Reached skill level 3 in Stealth
   352 | D:1      | Found a faded altar of an unknown god.
   420 | D:1      | Reached XP level 3. HP: 21/21 MP: 3/3
   590 | D:1      | You pick up a book of Changes and begin reading...
   590 | D:1      | You add the spells Beastly Appendage, Wereblood and Spider
                  | Form to your library.
   768 | D:1      | Reached skill level 4 in Stealth
  1347 | D:2      | You pick up a book of Winter and begin reading...
  1347 | D:2      | You add the spells Ozocubu's Armour, Metabolic Englaciation
                  | and Simulacrum to your library.
  1390 | D:2      | You pick up a book of Burglary and begin reading...
  1390 | D:2      | You add the spells Passwall, Ensorcelled Hibernation and
                  | Swiftness to your library.
  1405 | D:2      | Found a broken altar of Ashenzari.
  1553 | D:2      | Reached XP level 4. HP: 26/26 MP: 4/4
  1554 | D:2      | You pick up a book of Displacement and begin reading...
  1554 | D:2      | You add the spells Lesser Beckoning, Gell's Gravitas and
                  | Teleport Other to your library.
  1688 | D:2      | Reached skill level 5 in Stealth
  2035 | D:2      | Found a runed translucent door.
  2038 | D:2      | Noticed Crazy Yiuf
  2427 | D:3      | You pick up a book of Spectacle and begin reading...
  2427 | D:3      | You add the spells Dazzling Flash, Iskenderun's Mystic
                  | Blast and Starburst to your library.
  2465 | D:3      | HP: 6/26 [adder (1)]
  2471 | D:3      | Reached skill level 5 in Short Blades
  2571 | D:3      | Reached XP level 5. HP: 30/30 MP: 5/5
  2688 | D:3      | Found a glowing drain.
  2744 | D:3      | HP: 11/45 [poisoned by an adder]
  2755 | D:3      | HP: 9/45 [worm (5)]
  2758 | D:3      | Reached skill level 6 in Short Blades
  3211 | D:4      | Noticed a phantom
  3243 | D:3      | Killed a phantom
  3244 | D:3      | Reached skill level 7 in Short Blades
  3244 | D:3      | Reached XP level 6. HP: 25/35 MP: 4/6
  3348 | D:4      | Found a staircase to the Ecumenical Temple.
  3354 | Temple   | Entered the Ecumenical Temple
  3377 | Temple   | Became a worshipper of Uskayaw the Reveller
  3457 | D:4      | Reached * piety under Uskayaw
  3460 | D:4      | Reached skill level 4 in Dodging
  3636 | D:4      | Reached ** piety under Uskayaw
  3641 | D:4      | Found a burning altar of Makhleb.
  3646 | D:4      | Reached skill level 5 in Dodging
  3647 | D:4      | Reached *** piety under Uskayaw
  3648 | D:4      | Reached XP level 7. HP: 39/40 MP: 5/7
  3697 | D:4      | Found a basalt altar of Yredelemnul.
  3731 | D:4      | Noticed a steam dragon
  3745 | D:4      | HP: 10/40 [steam dragon (5)]
  3749 | D:4      | Killed from afar by a steam dragon

Vanquished Creatures
  A phantom (D:3)
  A lemure (Temple)
  A scorpion (D:4)
  A centaur zombie (D:4)
  3 iron imps (D:4)
  A scorpion zombie (D:4)
  A hound zombie (D:4)
  5 adders
  A river rat (D:3)
  An adder zombie (D:4)
  2 worms (D:3)
  3 dart slugs
  2 orcs (D:3)
  3 ball pythons
  4 bats
  7 endoplasms
  4 giant cockroaches
  5 goblins
  9 hobgoblins
  5 jackals
  10 kobolds
  4 quokkas
  8 frilled lizards
  10 rats
92 creatures vanquished.

Vanquished Creatures (others)
  6 withered plants (D:4)
6 creatures vanquished.

Grand Total: 98 creatures vanquished

Table legend:
 A = Non-vault XP
 B = Vault XP
 C = Vault XP percentage of total XP
 D = Non-vault monster count
 E = Vault monster count
 F = Vault count percentage of total count
                 A         B        C        D         E       F
            +---------+---------+-------+---------+---------+-------
      Total |     376 |     261 |  41.0 |      73 |      18 |  19.8
            +---------+---------+-------+---------+---------+-------
        D:1 |      44 |       0 |   0.0 |      25 |       0 |   0.0
        D:2 |      37 |       7 |  15.9 |      18 |       4 |  18.2
        D:3 |     204 |      23 |  10.1 |      25 |       7 |  21.9
        D:4 |      91 |     231 |  71.7 |       5 |       7 |  58.3
            +---------+---------+-------+---------+---------+-------

Illustrated notes

Table legend:
 A = Kills in this place as a percentage of kills in entire the game.
 B = Kills by you in this place as a percentage of kills by you in the entire game.
 C = Kills by friends in this place as a percentage of kills by friends in the entire game.
 D = Other kills in this place as a percentage of other kills in the entire game.
 E = Experience gained in this place as a percentage of experience gained in the entire game.
 F = Experience gained in this place divided by the number of levels of this place that you have seen.
                   A       B       C       D       E      F
               +-------+-------+-------+-------+-------+----------------------
         Total | 100.0 | 100.0 |   N/A |   N/A | 100.0 | 127.4
       Dungeon | 100.0 | 100.0 |   N/A |   N/A | 100.0 | 159.2
               +-------+-------+-------+-------+-------+----------------------

Table legend: (Time is in decaauts)
 A = Elapsed time spent in this place.
 B = Non-inter-level travel time spent in this place.
 C = Inter-level travel time spent in this place.
 D = Time resting spent in this place.
 E = Time spent auto-exploring this place.
 F = Levels seen in this place.
 G = Mean time per level.
                   A        B        C        D        E       F      G
               +--------+--------+--------+--------+--------+-----+--------+
         Total |   3730 |   3609 |    121 |    288 |   2446 |   5 |  746.0 |
       Dungeon |   3636 |   3515 |    121 |    220 |   2446 |   4 |  909.0 |
        Temple |     94 |     94 |      0 |     68 |      0 |   1 |   94.0 |
               +--------+--------+--------+--------+--------+-----+--------+

Top non-repeatable levels by time:
     D:1: 1273 daAuts
     D:3: 1175 daAuts
     D:2: 799 daAuts
     D:4: 387 daAuts
  Temple: 94 daAuts
